 Dungeon Crawl Stone Soup version 0.31.0-11-ge490571c62 (webtiles) character file.

Game seed: 16650234952814482720

30 qw the Shooter (level 3, 0/20 HPs)
             Began as a Deep Elf Hunter on Feb 4, 2024.
             Succumbed to their own poison gas
             ... on level 1 of the Dungeon.
             The game lasted 00:00:02 (885 turns).

qw the Shooter (Deep Elf Hunter)                     Turns: 885, Time: 00:00:03

Health: 0/20       AC:  7    Str: 10    XL:     3   Next: 3%
Magic:  5/5        EV: 11    Int: 13    God:
Gold:   27         SH:  0    Dex: 18    Spells: 2/2 levels left

rFire   . . .        a - +0 shortbow
rCold   + + .        (shield currently unavailable)
rNeg    . . .        k - +0 ring mail
rPois   .            (no helmet)
rElec   .            i - +1 cloak
rCorr   .            (no gloves)
SInv    .            (no boots)
Will    .....        (no amulet)
Stlth   +            d - ring of protection from cold
HPRegen 0.23/turn    g - ring of protection from cold
MPRegen 0.09/turn

%: no passive effects
@: lethally poisoned (0 -> -4)
A: no striking features
a: no special abilities


You were on level 1 of the Dungeon.
You visited 1 branch of the dungeon, and saw 1 of its levels.

You collected 27 gold pieces.


   Skills:
 - Level 1.5 Fighting
 + Level 6.6 Ranged Weapons
 - Level 2.4 Dodging
 - Level 1.2 Stealth


You had 2 spell levels left.
You didn't know any spells.
Your spell library was empty.

Inventory:

Hand Weapons
 a - a +0 shortbow (weapon)
Armour
 i - a +1 cloak (worn)
 k - a +0 ring mail (worn)
Jewellery
 d - a ring of protection from cold (left hand)
 g - a ring of protection from cold (right hand)
Potions
 l - a potion of heal wounds
 m - a potion of enlightenment

Dungeon Overview and Level Annotations

Branches:
Dungeon (1/15)

Altars:


Message History

877 ||| READING scroll of identify.
877 ||| IDENTIFYING bubbling golden potion
As you read the scroll of identify, it crumbles to dust.
m - a potion of enlightenment Done exploring.
878 ||| READING scroll labelled KIAZE TYEFAINN.
As you read the scroll labelled KIAZE TYEFAINN, it crumbles to dust.
The air around you briefly surges with heat, but it dissipates.
It was a scroll of immolation.
Done exploring.
879 ||| DROPPING scroll of butterflies.
You drop a scroll of butterflies.
Done exploring.
What level of the Dungeon? (default 1, ? - help) Sorry, I don't know how to get there.
Enter note:
Enter note:
Enter note:
Enter note:
Enter note:
Enter note:
Enter note:
Enter note:
Enter note:
Enter note:
Enter note:
Enter note: You are engulfed in poison gas.
You are poisoned.
You feel very sick.
881 ||| Stepping ~*~*~tactically~*~*~ (cloud).
You feel sick.
Things that are here:
a scroll of butterflies; a +0 leather armour
There is a lethal amount of poison in your body!
You feel sick.
There is a lethal amount of poison in your body!
You feel sick.
There is a lethal amount of poison in your body!
You feel sick.
There is a lethal amount of poison in your body!
You die...

#.##..#..#.###########
#.######
#.....#..#.#.........# #.#
#.#...#..#.#.#######.# #.#
#.#...#..#...# #.# #.#
###...#..###########.#####.#
....#.#....................#
#####.#.############.#######
# #.#...00¤.00¤¤0#.# #
#....0.00¤00@0¤#.#
####################.#
.....................#
###################### #


There were no monsters in sight!

Vanquished Creatures
  3 ball pythons (D:1)
  4 bats (D:1)
  2 endoplasms (D:1)
  2 goblins (D:1)
  A hobgoblin (D:1)
  6 jackals (D:1)
  A frilled lizard (D:1)
  4 kobolds (D:1)
  3 rats (D:1)
26 creatures vanquished.

Notes
Turn   | Place    | Note
-------+----------+-------------------------------------------
     0 | D:1      | qw the Deep Elf Hunter began the quest for the Orb.
     0 | D:1      | Reached XP level 1. HP: 12/12 MP: 3/3
     0 | D:1      | 0 ||| qw: Version: 0.3-a-160-g6735b56
     0 | D:1      | 0 ||| qw: Game counter: 5077
     0 | D:1      | 0 ||| qw: Melee chars always use a shield: true
     0 | D:1      | 0 ||| qw: God list: Okawaru
     0 | D:1      | 0 ||| qw: Allow faded altars: false
     0 | D:1      | 0 ||| qw: Do Orc after clearing Dungeon:15 true
     0 | D:1      | 0 ||| qw: Do second Lair branch before Depths: true
     0 | D:1      | 0 ||| qw: Lair rune preference: random
     0 | D:1      | 0 ||| qw: Goals: Normal
     0 | D:1      | 0 ||| PLANNING D:1-11
    64 | D:1      | Reached XP level 2. HP: 12/16 MP: 4/4
   134 | D:1      | Reached skill level 6 in Ranged Weapons
   643 | D:1      | Reached XP level 3. HP: 20/20 MP: 5/5
   856 | D:1      | 856 ||| UPGRADING to +0 cloak.
   861 | D:1      | 861 ||| UPGRADING to +0 ring mail.
   871 | D:1      | 871 ||| DROPPING +0 leather armour.
   872 | D:1      | 872 ||| UPGRADING to ring of protection from cold.
   873 | D:1      | 873 ||| UPGRADING to ring of protection from cold.
   874 | D:1      | 874 ||| READING scroll labelled XUAFIRPH TUGG.
   875 | D:1      | 875 ||| READING scroll labelled ILUADGHA GITU.
   875 | D:1      | 875 ||| ENCHANTING +0 cloak.
   876 | D:1      | 876 ||| READING 2 scrolls labelled SOPROI NAILURA.
   876 | D:1      | 876 ||| IDENTIFYING grey potion
   877 | D:1      | 877 ||| READING scroll of identify.
   877 | D:1      | 877 ||| IDENTIFYING bubbling golden potion
   878 | D:1      | 878 ||| READING scroll labelled KIAZE TYEFAINN.
   879 | D:1      | 879 ||| DROPPING scroll of butterflies.
   881 | D:1      | 881 ||| Stepping ~*~*~tactically~*~*~ (cloud).
   881 | D:1      | HP: 5/20 [poisoned by you (poison gas)]
   883 | D:1      | HP: 2/20 [poisoned by you (poison gas)]
   885 | D:1      | Succumbed to their own poison gas

Levels and vault maps discovered:
D:1:      scummos_arrival_star, layout_basic

Skill      XL: |  1  2 |
---------------+-------+-----
Ranged Weapons | 6 |  6.6
Fighting       | |  1.5
Dodging        | |  2.4
Stealth        | |  1.2

Action                     || total
---------------------------++-------
   Fire: Shortbow          ||    68
    Use: Scroll            ||     5
 Armour: Leather armour    ||    14
  Dodge: Dodged            ||    29

Table legend:
 A = Non-vault XP
 B = Vault XP
 C = Vault XP percentage of total XP
 D = Non-vault monster count
 E = Vault monster count
 F = Vault count percentage of total count
                 A         B        C        D         E       F
            +---------+---------+-------+---------+---------+-------
      Total |      43 |       0 |   0.0 |      26 |       0 |   0.0
            +---------+---------+-------+---------+---------+-------
        D:1 |      43 |       0 |   0.0 |      26 |       0 |   0.0
            +---------+---------+-------+---------+---------+-------
